 Dungeon Crawl Stone Soup version 0.27-a0-409-gd57800a693 (webtiles) character file.

Game seed: 8154963617714455162

147 Chiseanne the Skirmisher (level 5, -2/41 HPs)
             Began as a Demonspawn Wanderer on Feb 23, 2021.
             Killed from afar by a hobgoblin (8 damage)
             ... with a bolt of acid
             ... on level 3 of the Dungeon.
             The game lasted 00:04:56 (2622 turns).

Chiseanne the Skirmisher (Demonspawn Wanderer)      Turns: 2622, Time: 00:04:57

Health: -2/41      AC:  9    Str: 13    XL:     5   Next: 7%
Magic:  9/9        EV:  9    Int: 13    God:
Gold:   103        SH:  5    Dex: 13    Spells: 10/10 levels left

rFire    . . .     SeeInvis .   a - +2 mace
rCold    . . .     Faith    .   c - +1 buckler
rNeg     . . .     Spirit   .   e - +0 scale mail
rPois    .         Reflect  .   (helmet restricted)
rElec    .         Harm     .   d - +1 cloak {rCorr}
rCorr    +         Rampage  .   j - +0 pair of gloves
Will     .....                  (no boots)
Stlth    ..........             (no amulet)
HPRegen  0.13/turn              (no ring)
MPRegen  0.11/turn              (no ring)

@: no status effects
A: horns 1, powered by death 1, spiny 1
a: no special abilities


You were on level 3 of the Dungeon.
You visited 1 branch of the dungeon, and saw 3 of its levels.

You collected 103 gold pieces.

Inventory:

Hand Weapons
 a - a +2 mace (weapon)
Missiles
 f - 15 poisoned darts (quivered)
 h - 24 bolts
 t - 66 stones
Armour
 c - a +1 buckler (worn)
 d - a +1 cloak of preservation (worn)
 e - a +0 scale mail (worn)
 j - a +0 pair of gloves (worn)
Wands
 p - a wand of charming (8)
 q - a wand of random effects (18)
Scrolls
 b - 4 scrolls of teleportation
Potions
 l - 3 potions of curing


   Skills:
 * Level 3.1 Fighting
 * Level 1.9 Armour
 * Level 2.3 Dodging
 * Level 2.8 Shields
 - Level 3.0 Spellcasting
 - Level 1.0 Summonings
 - Level 1.0 Transmutations


You had 10 spell levels left.
You didn't know any spells.
Your spell library contained the following spells:

 Spells                   Type           Power        Failure   Level
 Animate Skeleton         Necr           2%           77%         1
 Magic Dart               Conj           4%           77%         1
 Call Imp                 Summ           4%           77%         2
 Blink                    Tloc           N/A          88%         2
 Slow                     Hex            1%           88%         2
 Conjure Flame            Conj/Fire      1%           98%         3
 Mephitic Cloud           Conj/Pois/Air  1%           98%         3
 Vampiric Draining        Necr           0%           98%         3


Dungeon Overview and Level Annotations

Branches:
Dungeon (3/15)

Altars:
Wu Jian
Xom


Innate Abilities, Weirdness & Mutations

You have a pair of small horns on your head.
You regenerate a little health from kills.
You are partially covered in sharp spines.


Message History

The goblin shouts!
You hear an angry hiss.
The hobgoblin zaps a wand.
The bolt of acid hits you. You resist.
You are splashed with acid.
You resist.
Found a scroll of teleportation.
The hobgoblin zaps a wand.
The bolt of acid hits you. You resist.
You are splashed with acid!
You resist.
You are too injured to fight recklessly!
You are too injured to fight recklessly!
You are too injured to fight recklessly!
You are too injured to fight recklessly!
You are too injured to fight recklessly!
You are too injured to fight recklessly!
You are too injured to fight recklessly!
You are too injured to fight recklessly!
You are too injured to fight recklessly!
You are too injured to fight recklessly!
You are too injured to fight recklessly!
You are too injured to fight recklessly!
You are too injured to fight recklessly!
You are too injured to fight recklessly!
You are too injured to fight recklessly!
You are too injured to fight recklessly!
You are too injured to fight recklessly!
You are too injured to fight recklessly!
The hobgoblin hits you but does no damage.
You barely miss the hobgoblin. The goblin is struck by your spines.
You kill the goblin!
The hobgoblin zaps a wand.
The bolt of acid misses you.
You closely miss the hobgoblin. You headbutt the hobgoblin.
The hobgoblin is moderately wounded.
The hobgoblin zaps a wand.
The bolt of acid hits you! You resist.
* * * LOW HITPOINT WARNING * * *
You are splashed with acid.
You resist.
* * * LOW HITPOINT WARNING * * *
The hobgoblin hits you with a +0 club.
* * * LOW HITPOINT WARNING * * *
You barely miss the hobgoblin.
The hobgoblin is moderately wounded.
The hobgoblin zaps a wand.
The bolt of acid hits you! You resist.
You die...

#..#.# #
#.#.#
#...#
##..####
#.....###
##>)....+
####...###
#......#
#....@.#
#...)g.#
####...#
#...#
#...#
.?### #+#


You could see a hobgoblin.

Vanquished Creatures
  Crazy Yiuf (D:2)
  An orc wizard (D:3)
  3 gnolls (D:2)
  An ooze (D:2)
  A worm (D:2)
  A dart slug (D:2)
  2 leopard geckos (D:3)
  4 orcs (D:3)
  2 bats
  2 giant cockroaches
  7 hobgoblins
  6 jackals
  3 frilled lizards
  3 goblins
  9 kobolds
  4 rats
50 creatures vanquished.

Notes
Turn   | Place    | Note
-------+----------+-------------------------------------------
     0 | D:1      | Chiseanne the Demonspawn Wanderer began the quest for the
                  | Orb.
     0 | D:1      | Chiseanne set off with the following items: a +0 club, a +0
                  | buckler, a +0 robe; and the following spells available to
                  | memorise: Animate Skeleton, Magic Dart, Call Imp, Blink,
                  | Slow, Conjure Flame, Mephitic Cloud, Vampiric Draining
     0 | D:1      | Reached XP level 1. HP: 16/16 MP: 4/4
   501 | D:1      | Gained mutation: You are partially covered in sharp spines.
                  | [demonic ancestry]
   501 | D:1      | Reached XP level 2. HP: 22/22 MP: 6/6
   877 | D:2      | Found a shimmering altar of Xom.
   928 | D:2      | Reached skill level 1 in Armour
  1011 | D:2      | Gained mutation: You regenerate a little health from kills.
                  | [demonic ancestry]
  1011 | D:2      | Reached XP level 3. HP: 28/28 MP: 7/7
  1013 | D:2      | Found a faded altar of an unknown god.
  2020 | D:2      | Found an ornate altar of the Wu Jian Council.
  2054 | D:2      | Found a runed translucent door.
  2055 | D:2      | Noticed Crazy Yiuf
  2126 | D:2      | Reached XP level 4. HP: 34/34 MP: 8/8
  2201 | D:2      | Killed Crazy Yiuf
  2466 | D:3      | Gained mutation: You have a pair of small horns on your
                  | head. [demonic ancestry]
  2466 | D:3      | Reached XP level 5. HP: 31/41 MP: 9/9
  2622 | D:3      | Killed from afar by a hobgoblin

Illustrated notes

Levels and vault maps discovered:
D:1:      arrival_zaba_pyramid, layout_basic
D:2:      layout_basic, xom_butterflies, nzn_wu_jian_council_hall,
          chequers_ecumenical_altar_simple_redux, uniq_crazy_yiuf_cottage
D:3:      layout_basic

Skill      XL: |  1  2  3  4 |
---------------+-------------+-----
Shields        | 2 |  2.8
Armour         | 1 |  1.9
Dodging        | 2 |  2.3
Fighting       | 3 |  3.1
Spellcasting   | |  3.0
Summonings     | |  1.0
Transmutations | |  1.0

Action                   |  1- 3 |  4- 6 || total
-------------------------+-------+-------++-------
Melee: Spear             |    28 |       ||    28
       Short sword       |    55 |       ||    55
       Mace              |    19 |    37 ||    56
       Headbutt          |       |     1 ||     1
Throw: Dart              |     7 |       ||     7
  Use: Scroll            |     2 |     8 ||    10
       Potion            |       |     1 ||     1
Armor: Ring mail         |    22 |    13 ||    35
       Scale mail        |       |     5 ||     5
Dodge: Dodged            |    48 |    15 ||    63
Block: Buckler           |    23 |     9 ||    32

Table legend: (Time is in decaauts)
 A = Elapsed time spent in this place.
 B = Non-inter-level travel time spent in this place.
 C = Inter-level travel time spent in this place.
 D = Time resting spent in this place.
 E = Time spent auto-exploring this place.
 F = Levels seen in this place.
 G = Mean time per level.
                   A        B        C        D        E       F      G
               +--------+--------+--------+--------+--------+-----+--------+
         Total |   2655 |   2637 |     18 |    553 |   1656 |   3 |  885.0 |
       Dungeon |   2655 |   2637 |     18 |    553 |   1656 |   3 |  885.0 |
               +--------+--------+--------+--------+--------+-----+--------+

Top non-repeatable levels by time:
     D:2: 1539 daAuts
     D:1: 743 daAuts
     D:3: 371 daAuts
